 Dungeon Crawl Stone Soup version 0.29-a0-885-gb26ba3297d (webtiles) character file.

Game seed: 7791795446111516253

5121 dolemite99 the Fighter (level 10, -7/94 HPs)
             Began as a Minotaur Gladiator on July 21, 2022.
             Was a Priest of Ru.
             Mangled by a sun demon (8 damage)
             ... summoned by a kobold demonologist
             ... on level 8 of the Dungeon.
             The game lasted 00:10:51 (10027 turns).

dolemite99 the Fighter (Minotaur Gladiator)        Turns: 10027, Time: 00:10:51

Health: -7/94      AC: 16    Str: 19    XL:     10   Next: 32%
Magic:  9/9        EV:  4    Int:  5    God:    Ru [***...]
Gold:   187        SH: 10    Dex: 16    Spells: 9/9 levels left

rFire   + . .      SeeInvis .   a - +3 flail of Balance {venom, rF+}
rCold   . . .      Faith    .   r - +0 kite shield
rNeg    . . .      Spirit   .   s - +0 chain mail
rPois   .          Reflect  .   c - +0 hat
rElec   .          Harm     .   (no cloak)
rCorr   .          Rampage  .   i - +0 pair of gloves
Will    .....                   h - +0 pair of boots
Stlth   ..........              (no amulet)
HPRegen 0.25/turn               z - +4 ring of protection {=R}
MPRegen 0.11/turn               (no ring)

@: lethally poisoned (-7 -> -27), grasped by roots, constricted
A: horns 2, no stealth, no poison magic, no translocations magic, no
transmutations magic, unskilled 1, retaliatory headbutt
a: Renounce Religion, Draw Out Power


You were on level 8 of the Dungeon.
You worshipped Ru.
Ru was most pleased with you.
You visited 1 branch of the dungeon, and saw 9 of its levels.

You collected 309 gold pieces.
You spent 122 gold pieces at shops.

Inventory:

Hand Weapons
 a - the +3 flail of Balance (weapon) {venom, rF+}
   (You found it on level 3 of the Dungeon)

   It poisons the flesh of those it strikes.
   rF:        It protects you from fire.
 b - a +1 war axe of flaming
 o - a +1 vampiric war axe
 t - a +0 whip of pain
 v - a +2 vorpal dire flail
 B - a +2 whip of electrocution
 J - the +4 rapier "Itemoapnya" {vorpal, rElec SInv Stlth+}
   (You found it on level 8 of the Dungeon)

   It inflicts extra damage upon your enemies.
   rElec:     It insulates you from electricity.
   SInv:      It lets you see invisible.
   Stlth:     It makes you more stealthy.
Missiles
 d - 3 throwing nets
 e - a javelin
 l - 2 curare-tipped darts (quivered)
 x - 14 poisoned darts
Armour
 c - a +0 hat (worn)
 h - a +0 pair of boots (worn)
 i - a +0 pair of gloves (worn)
 r - a +0 kite shield (worn)
 s - a +0 chain mail (worn)
Jewellery
 y - a ring of protection from fire
 z - a +4 ring of protection (left hand) {=R}
Wands
 E - a wand of polymorph (9)
Scrolls
 q - 3 scrolls of magic mapping
 A - a scroll of brand weapon
 G - a scroll of teleportation
 I - a scroll of butterflies
Potions
 f - 4 potions of lignification
 g - a potion of resistance {unknown}
 j - a potion of cancellation
 k - a potion of mutation
 m - a potion of might {unknown}
 n - a potion of invisibility
 p - a potion of heal wounds
 u - a potion of attraction {unknown}
 w - a potion of flight {unknown}
 C - a potion of haste
 D - a potion of degeneration {unknown}
 F - a potion of brilliance {unknown}
 H - a potion of magic {unknown}


   Skills:
 - Level 10.9 Fighting
 - Level 5.4(7.8) Axes
 - Level 8.7(9.4) Maces & Flails
 - Level 1.7 Throwing
 + Level 5.4 Armour
 - Level 3.0 Dodging
 - Level 6.2 Shields


You had 9 spell levels left.
You didn't know any spells.
Your spell library contained the following spells:

 Spells                   Type           Power      Damage    Failure   Level
 Sandblast                Erth           0%         2d4       100%        1
 Conjure Flame            Conj/Fire      0%         6-21      100%        3
 Stone Arrow              Conj/Erth      0%         3d7       100%        3
 Sticky Flame             Conj/Fire      0%         2d3       100%        4
 Blink                    Tloc           Unusable   N/A       N/A         2
 Passwall                 Tmut/Erth      Unusable   N/A       N/A         2
 Gell's Gravitas          Tloc           Unusable   N/A       N/A         3
 Ignite Poison            Fire/Tmut/Pois Unusable   N/A       N/A         3
 Lesser Beckoning         Tloc           Unusable   N/A       N/A         3
 Teleport Other           Tloc           Unusable   N/A       N/A         3
 Blade Hands              Tmut           Unusable   N/A       N/A         5
 Irradiate                Conj/Tmut      Unusable   3d11      N/A         5
 Manifold Assault         Tloc           Unusable   N/A       N/A         5
 Dragon Form              Tmut           Unusable   N/A       N/A         7

Dungeon Overview and Level Annotations

Branches:
Dungeon (9/15)             Temple (0/1) D:6
   Lair: D:8-11         Orc: D:9-12

Altars:
Ashenzari
Makhleb
Nemelex Xobeh
Ru
Trog
Vehumet

Shops:
D:3 *   D:6 !


Innate Abilities, Weirdness & Mutations

You have a pair of horns on your head.
You cannot be stealthy.
You cannot study or cast Poison magic.
You cannot study or cast Translocations magic.
You cannot study or cast Transmutations magic.
You are somewhat unskilled. (-1 Apt)
You reflexively headbutt those who attack you in melee.


Message History

The kobold demonologist looks as sick as possible!
The kobold demonologist is moderately wounded.
You feel extremely sick.
The iron imp hits you but does no damage.
The kobold demonologist hits you with a +0 dagger.
You block the orange demon's attack. x2
The crimson imp begins to attack, but is stunned by your conviction!
You sock the kobold demonologist!
The kobold demonologist looks as sick as possible!
The kobold demonologist is severely wounded.
You feel extremely sick.
The sun demon hits you but does no damage.
The kobold demonologist zaps a wand.
The roots erupt in riotous growth!
The grasping roots grab you!
The iron imp is unaffected.
The orange demon is unaffected.
The sun demon is unaffected.
The kobold demonologist is unaffected.
The grasping roots constrict you. The iron imp hits you!
You redirect the crimson imp's attack!
The orange demon stings you but does no damage.
The orange demon hits you but does no damage.
You barely miss the kobold demonologist.
The kobold demonologist is almost dead.
You feel very sick. The sun demon hits you!
* * * LOW HITPOINT WARNING * * *
You are engulfed in flames.
You resist.
* * * LOW HITPOINT WARNING * * *
You focus your inner power and blind the sun demon in retribution!
The kobold demonologist hits you but does no damage.
The grasping roots constrict you.
* * * LOW HITPOINT WARNING * * *
The iron imp hits you but does no damage.
The crimson imp hits you but does no damage.
You redirect the orange demon's attack!
The orange demon misses the sun demon.
The orange demon barely misses the sun demon.
The sun demon hits you!
* * * LOW HITPOINT WARNING * * *
You are engulfed in flames!
You resist.
You die...

##.. ##......K## ##..###.#
#.. ##.....## ###÷#.## #.#
##...## ##.##
###.###########'## #.#
.......).....##.# #.#
###...######.##.##### #)# #
#...# #.#......# #.# #
#...# #[#)5K##.# #.# #
#..... #.<53@.#.# #.# #
##..### #.#[45##.########.#
#
#..###.##.#.#>............#
#
#.........#...##.##########
. ..####.......###.#
######..[†..# ########


You could see a sun demon (summoned, blind), an orange demon (summoned,
distracted), a kobold demonologist (extremely poisoned), an iron imp (summoned),
a crimson imp (summoned) and an ufetubus (summoned).

Vanquished Creatures
  Pikel (D:6)
  A slime creature (D:8)
  Grinder (D:6)
  5 yaks (D:7)
  A wyvern (D:7)
  A steam dragon (D:8)
  Edmund (D:5)
  A water moccasin (D:5)
  2 ice beasts
  An orc warrior (D:8)
  2 sky beasts
  An ogre (D:5)
  3 centaurs
  A phantom (D:6)
  A lemure (D:6)
  Blork the orc (D:5)
  A kobold brigand (D:8)
  3 necrophages
  4 bullfrogs
  3 scorpions
  12 wights
  4 killer bees (D:7)
  2 howler monkeys (D:8)
  A crimson imp (D:4)
  A jelly (D:8)
  An orc priest (D:8)
  3 hounds
  3 iguanas
  7 orc wizards
  7 adders
  3 gnolls (D:3)
  A shadow imp (D:5)
  3 white imps
  8 orcs
  5 bats
  2 endoplasms
  5 hobgoblins
  6 jackals (D:3)
  A quokka (D:4)
  7 ball pythons
  3 frilled lizards (D:1)
  7 goblins
  5 kobolds
  6 rats
138 creatures vanquished.

Vanquished Creatures (others)
  A black bear (D:8)
  An adder (D:6)
  A goblin (D:3)
3 creatures vanquished.

Grand Total: 141 creatures vanquished

Notes
Turn   | Place    | Note
-------+----------+-------------------------------------------
     0 | D:1      | dolemite99 the Minotaur Gladiator began the quest for the
                  | Orb.
     0 | D:1      | Reached XP level 1. HP: 18/18 MP: 0/0
   411 | D:1      | Found a faded altar of an unknown god.
   423 | D:1      | Prayed at the altar of an unknown god.
   423 | D:1      | Became a worshipper of Ru the Awakened
   432 | D:1      | Gained mutation: You are somewhat unskilled. (-1 Apt) [Ru
                  | sacrifice]
   432 | D:1      | Reduced skill Throwing to level 1
   432 | D:1      | Reached * piety under Ru
   622 | D:1      | Reached XP level 2. HP: 24/24 MP: 1/1
   990 | D:2      | Reached XP level 3. HP: 29/29 MP: 2/2
  1362 | D:2      | Reached skill level 5 in Axes
  1443 | D:3      | Reached XP level 4. HP: 30/36 MP: 3/3
  1535 | D:3      | Identified the +3 flail of Balance {venom, rF+}
  1605 | D:3      | Reached skill level 1 in Maces & Flails
  2564 | D:3      | Reached XP level 5. HP: 38/41 MP: 4/4
  2603 | D:3      | Found Xesma's General Store.
  2609 | D:3      | Bought a potion of curing for 42 gold pieces
  3255 | D:4      | Found a radiant altar of Vehumet.
  3255 | D:4      | Found a burning altar of Makhleb.
  3432 | D:4      | Found a bloodstained altar of Trog.
  3479 | D:4      | Gained mutation: You cannot be stealthy. [Ru sacrifice]
  3479 | D:4      | Reached ** piety under Ru
  3658 | D:5      | Entered Level 5 of the Dungeon
  3671 | D:5      | Reached skill level 5 in Maces & Flails
  3671 | D:5      | Reached XP level 6. HP: 48/48 MP: 5/5
  3679 | D:5      | Noticed a water moccasin
  3682 | D:5      | Noticed an ice beast
  3699 | D:5      | Killed a water moccasin
  3711 | D:5      | Reached XP level 7. HP: 13/55 MP: 6/6
  4210 | D:5      | Noticed Blork the orc
  4210 | D:5      | Noticed Edmund
  4219 | D:5      | Killed Blork the orc
  4223 | D:5      | Killed Edmund
  4339 | D:5      | Reached skill level 1 in Shields
  4339 | D:5      | Reached XP level 8. HP: 60/61 MP: 7/7
  4560 | D:5      | Found a sparkling altar of Nemelex Xobeh.
  4759 | D:6      | Noticed Pikel
  5486 | D:6      | Found Hely's Distillery.
  5491 | D:6      | Bought a potion of invisibility for 80 gold pieces
  5518 | D:6      | Reached skill level 5 in Shields
  5655 | D:6      | Killed Pikel
  5656 | D:6      | Reached skill level 4 in Fighting
  5791 | D:6      | Found a staircase to the Ecumenical Temple.
  5801 | D:6      | Reached skill level 5 in Fighting
  6012 | D:6      | Noticed Grinder
  6016 | D:6      | Paralysed by Grinder for 4 turns
  6030 | D:6      | Killed Grinder
  6031 | D:6      | Reached XP level 9. HP: 45/75 MP: 8/8
  6321 | D:6      | Reached skill level 6 in Fighting
  6562 | D:7      | Found a broken altar of Ashenzari.
  6616 | D:7      | Noticed Maggie
  6624 | D:7      | Noticed Maggie
  6624 | D:7      | Maggie changed into Maggie the bullfrog
  6635 | D:7      | Killed Maggie the bullfrog
  6840 | D:7      | Reached skill level 7 in Fighting
  6911 | D:7      | Gained mutation: You cannot study or cast Poison magic. [Ru
                  | sacrifice]
  6911 | D:7      | Gained mutation: You cannot study or cast Transmutations
                  | magic. [Ru sacrifice]
  6911 | D:7      | Gained mutation: You cannot study or cast Translocations
                  | magic. [Ru sacrifice]
  6911 | D:7      | Reached *** piety under Ru
  7323 | D:7      | Reached skill level 8 in Fighting
  7347 | D:7      | Reached skill level 9 in Fighting
  7364 | D:7      | Reached skill level 10 in Fighting
  8629 | D:8      | Reached XP level 10. HP: 81/81 MP: 9/9
  8835 | D:8      | Reached skill level 1 in Armour
  8960 | D:8      | Identified the +4 rapier "Itemoapnya" {vorpal, rElec SInv
                  | Stlth+}
  9713 | D:8      | Reached skill level 5 in Armour
 10020 | D:8      | Noticed an orange demon
 10024 | D:8      | Noticed a sun demon
 10027 | D:8      | HP: 1/94 [sun demon[a kobold demonologist] (8)]
 10027 | D:8      | Mangled by a sun demon

Illustrated notes

Levels and vault maps discovered:
D:1:      amcnicky_arrival_abandoned_market, layout_basic,
          ebering_ecumenical_altar_sacrificial
D:2:      layout_rooms
D:3:      layout_loops_ring, serial_shops, nicolae_square_shop
D:4:      layout_loops_ring, grunt_temple_overflow_lords_of_destruction,
          old_standard_altar, minmay_misc_feat_tiny
D:5:      layout_loops_ring, nemelex_diamond_rough_becter, uniq_blork_the_orc,
          uniq_edmund
D:6:      layout_cave_pools, minmay_temple_entry_mini_moons, serial_shops,
          nicolae_stop_n_shop_1, mrwooster_statue_mirror, minivault_27,
          uniq_pikel, uniq_grinder
D:7:      layout_loops_ring, kennysheep_mini, grunt_ministairs_13,
          chequers_serial_rivers_large_b, uniq_maggie
D:8:      cheibrodos_ideogram_h, layout_loops_corners,
          yredelemnul_forgotten_temple_becter
D:9:      minmay_the_grid_triangle_9x9_recursive_2_mashed
          [minmay_the_grid_triangle_9x9_prize_schism,
          minmay_the_grid_triangle_9x9_descending_squares,
          minmay_the_grid_triangle_9x9_sprig,
          minmay_the_grid_triangle_9x9_subtriangle], layout_irregular_city,
          old_standard_altar, grunt_ministairs_11

Skill      XL: |  1  2  3  4  5  6  7  8  9 10 |
---------------+-------------------------------+-----
Axes           | 4 5 |  5.4
Throwing       | 1 |  1.7
Maces & Flails | 2 5 6 8 |  8.7
Shields        | 1 6 |  6.2
Fighting       | 5 10 | 10.9
Armour         | 5 |  5.4
Dodging        | |  3.0

Action                   |  1- 3 |  4- 6 |  7- 9 | 10-12 || total
-------------------------+-------+-------+-------+-------++-------
Melee: War axe           |    51 |     4 |       |       ||    55
       Headbutt          |     7 |    13 |    34 |    20 ||    74
       Flail             |       |   103 |   193 |    79 ||   375
       Punch             |       |     2 |       |       ||     2
Throw: Dart              |       |       |    16 |    13 ||    29
Invok: Sacrifice Skill   |     1 |       |       |       ||     1
       Sacrifice Stealth |       |     1 |       |       ||     1
       Sacrifice Arcana  |       |       |     1 |       ||     1
Evoke: Wand              |       |       |     1 |       ||     1
  Use: Scroll            |       |     6 |     7 |       ||    13
       Potion            |       |     3 |     6 |       ||     9
 Stab: Invisible         |       |       |       |     1 ||     1
Armor: Leather armour    |     7 |       |       |       ||     7
       Scale mail        |     9 |       |       |       ||     9
       Chain mail        |       |    47 |    95 |    41 ||   183
Dodge: Dodged            |    34 |    41 |    36 |    16 ||   127
Block: Kite shield       |       |       |    71 |    34 ||   105

Table legend: (Time is in decaauts)
 A = Elapsed time spent in this place.
 B = Non-inter-level travel time spent in this place.
 C = Inter-level travel time spent in this place.
 D = Time resting spent in this place.
 E = Time spent auto-exploring this place.
 F = Levels seen in this place.
 G = Mean time per level.
                   A        B        C        D        E       F      G
               +--------+--------+--------+--------+--------+-----+--------+
         Total |  10066 |   9766 |    300 |   4547 |   3703 |   9 | 1118.4 |
       Dungeon |  10066 |   9766 |    300 |   4547 |   3703 |   9 | 1118.4 |
               +--------+--------+--------+--------+--------+-----+--------+

Top non-repeatable levels by time:
     D:7: 2153 daAuts
     D:5: 1729 daAuts
     D:3: 1495 daAuts
     D:8: 1165 daAuts
     D:6: 1073 daAuts
     D:1: 844 daAuts
     D:4: 727 daAuts
     D:2: 596 daAuts
     D:9: 280 daAuts
